 Dungeon Crawl Stone Soup version 0.31-a0-986-g5e6e4ef867 (webtiles) character file.

Game seed: 10283477881207908084

1474 timneilson the Ruffian (level 8, -1/54 HPs)
             Began as an Octopode Shapeshifter on Nov 24, 2023.
             Slain by an ogre
             ... wielding a +0 giant spiked club
              (38 damage)
             ... on level 5 of the Dungeon.
             The game lasted 00:13:56 (3874 turns).

timneilson the Ruffian (Octopode Shapeshifter)      Turns: 3874, Time: 00:13:56

Health: -1/54      AC:  1    Str: 16    XL:     8   Next: 78%
Magic:  8/8        EV: 14    Int: 12    God:
Gold:   380        SH:  5    Dex: 11    Spells: 7/7 levels left

rFire   . .          .
                       - Unarmed
rCold   . . .        (no shield)
rNeg    + . .        (helmet currently unavailable)
rPois   .            n - amulet of reflection
rElec   .            e - ring of positive energy
rCorr   .            k - ring of willpower
SInv    .            (no ring)
Will    +....        (no ring)
Stlth   ++++         (no ring)
HPRegen 0.29/turn    (no ring)
MPRegen 0.11/turn    (no ring)
                     (no ring)

%: reflection
@: beast-form
A: beast (slay +3), almost no armour, amphibious, 8 rings, camouflage 1,
gelatinous body 1, (nimble swimmer 1), tentacles
a: Begin Untransformation


You were on level 5 of the Dungeon.
You were a hulking beast.
You visited 1 branch of the dungeon, and saw 5 of its levels.

You collected 380 gold pieces.

Inventory:

Missiles
 u - 2 throwing nets
Jewellery
 e - a ring of positive energy (left tentacle)
 k - a ring of willpower (right tentacle)
 m - a ring of magical power
 n - an amulet of reflection (around mantle)
Talismans
 b - a beast talisman
 c - a flux talisman
Wands
 g - a wand of paralysis (6)
Scrolls
 j - a scroll of fog {unknown}
 o - a scroll of identify
 r - a scroll of revelation
 t - a scroll of teleportation
Potions
 a - 2 potions of lignification
 d - 5 potions of curing
 f - a potion of mutation
 h - a potion of berserk rage
 i - a potion of magic
 l - a potion of brilliance
 p - a potion of invisibility
 q - 2 potions of heal wounds


   Skills:
 * Level 4.7 Fighting
 * Level 5.2 Dodging
 + Level 4.6 Stealth
 * Level 5.6 Unarmed Combat
 + Level 2.5 Evocations
 * Level 5.3 Shapeshifting


You had 7 spell levels left.
You didn't know any spells.
Your spell library contained the following spells:

 Spells                   Type           Power      Damage    Failure   Level
 Magic Dart               Conj           0%         1d3       32%         1
 Ensorcelled Hibernation  Hex/Ice        0%         N/A       45%         2
 Jinxbite                 Hex            0%         N/A       45%         2
 Searing Ray              Conj           0%         2d4       45%         2
 Dazzling Flash           Conj/Hex       0%         N/A       69%         3
 Volatile Blastmotes      Fire/Tloc      0%         2d10      69%         3
 Anguish                  Hex/Necr       0%         N/A       97%         4
 Fulminant Prism          Conj/Hex       0%         3d5       97%         4
 Starburst                Conj/Fire      0%         6d3       100%        6
 Maxwell's Capacitive Co  Air            0%         ∞         100%        8


Dungeon Overview and Level Annotations

Branches:
Dungeon (5/15)
 Temple: D:4-7

Altars:
Cheibriados
Kikubaaqudgha
Nemelex Xobeh
Uskayaw
Vehumet

Shops:
D:1 [?*:

Annotations:
D:4 3 runed translucent doors, XomNomNom's ghost, amateur TrBe


Innate Abilities, Weirdness & Mutations

You are a hulking beast.
Your limbs bulge with bestial killing power. (Slay +3)
You cannot wear most types of armour.
You are amphibious.
You can wear up to eight rings at the same time.
Your skin changes colour to match your surroundings (Stealth+).
Your rubbery body absorbs attacks. (AC +1, EV +1)
((You are camouflaged when in or above water. (Stealth+)))
You have tentacles for arms and can constrict up to eight enemies at once.


Message History

There is a stone staircase leading up here.
You see here a +1 heavy great sword.
q - 2 potions of heal wounds (gained 1)
An iguana comes into view.
An ogre comes into view. It is wielding a +0 giant spiked club.
An iguana comes into view.
The iguana hisses angrily.
The iguana moves out of view.
Found a scroll labelled MUAKLIATZU.
The iguana barely misses you.
You closely miss the iguana. You grab the iguana.
You constrict the iguana, but do no damage.
The iguana closely misses you.
The iguana hisses angrily.
You tentacle-slap the iguana but do no damage.
You tentacle-slap the iguana. You squeeze the iguana!
The iguana is heavily wounded.
You constrict the iguana, but do no damage.
The iguana bites you but does no damage.
You tentacle-slap the iguana but do no damage.
The iguana is heavily wounded.
You constrict the iguana, but do no damage.
You tentacle-slap the iguana.
The iguana is severely wounded.
You constrict the iguana. You block the iguana's attack.
The ogre shouts!
You tentacle-slap the iguana.
You kill the iguana!
You block the iguana's attack.
You see here a scroll labelled MUAKLIATZU.
You barely miss the iguana. You grab the iguana. You constrict the iguana.
The iguana bites you!
You bludgeon the iguana!
The iguana is severely wounded.
You constrict the iguana. The iguana bites you.
You bludgeon the iguana!
You kill the iguana!
You barely miss the ogre.
The ogre hits you with a +0 giant spiked club!!!
Ouch! That really hurt!
You die...

#.#########..####.#.##..#
#####
#...†........##.#.#.##..##
##.
#.##).......##....#......#
#.#
#.....####..##...#.......#
##. ##....#
#...........[....# #
##.....###................#
#
..........................#
#
#...#...#....!.#O#...######
# .#...#...#.....#h###.# #
..#...#..(#.####.# #.# #
.#...#...#.......# #<# #
#...#.l.#...###### #.# #
............# #.# #
.#..^#...#.# #.# ##
.#...#..# #.# #. #...#...#
#.# #. .#...#..###
##.###########.


You could see an ogre.

Vanquished Creatures
  A troll (D:5)
  Grinder (D:3)
  A yak (D:5)
  2 black bears
  An ice beast (D:5)
  A bullfrog (D:5)
  A wight (D:5)
  3 hounds (D:5)
  A gnoll bouda (D:5)
  2 sleepcaps
  2 iguanas (D:5)
  Ijyb (D:3)
  Terence (D:3)
  2 orc wizards (D:4)
  3 gnolls (D:4)
  6 adders
  A shadow imp (D:5)
  A worm (D:2)
  3 dart slugs
  4 orcs
  7 ball pythons
  3 endoplasms
  2 giant cockroaches
  6 goblins
  10 hobgoblins
  15 jackals
  4 quokkas
  4 bats
  2 frilled lizards (D:2)
  6 kobolds
  11 rats
108 creatures vanquished.

Notes
Turn   | Place    | Note
-------+----------+-------------------------------------------
     0 | D:1      | timneilson the Octopode Shapeshifter began the quest for
                  | the Orb.
     0 | D:1      | Reached XP level 1. HP: 13/13 MP: 1/1
    28 | D:1      | Found Qiohiam's Book Emporium.
    50 | D:1      | Found Ijaw Ule's Magic Scroll Shop.
    89 | D:1      | Reached XP level 2. HP: 17/18 MP: 2/2
   283 | D:1      | Reached skill level 1 in Stealth
   347 | D:1      | Found Ucreukhi's Armour Emporium.
   384 | D:1      | Found Paitytuk's Assorted Antiques.
   425 | D:1      | Reached XP level 3. HP: 23/23 MP: 3/3
   892 | D:2      | Reached XP level 4. HP: 29/29 MP: 4/4
  1333 | D:3      | Found a faded altar of an unknown god.
  1336 | D:3      | Noticed Grinder
  1343 | D:3      | Paralysed by Grinder for 5 turns
  1347 | D:3      | HP: 1/29 [jackal (2)]
  1501 | D:3      | Found an ancient bone altar of Kikubaaqudgha.
  1507 | D:3      | Found a radiant altar of Vehumet.
  1509 | D:3      | Found a sparkling altar of Nemelex Xobeh.
  1512 | D:3      | Found a hide-covered altar of Uskayaw.
  1657 | D:3      | Killed Grinder
  1658 | D:3      | Reached XP level 5. HP: 13/36 MP: 5/5
  1658 | D:3      | Reached XP level 6. HP: 15/41 MP: 6/6
  1811 | D:3      | Noticed Ijyb
  1833 | D:3      | Killed Ijyb
  2011 | D:3      | Noticed Terence
  2029 | D:3      | Killed Terence
  2280 | D:4      | Found a snail-covered altar of Cheibriados.
  2682 | D:4      | Noticed a black bear
  2687 | D:4      | Killed a black bear
  2688 | D:4      | Reached XP level 7. HP: 46/46 MP: 7/7
  2779 | D:4      | Found a runed translucent gate.
  2779 | D:4      | Found a runed translucent gate.
  2781 | D:4      | Found a runed translucent gate.
  2781 | D:4      | Noticed XomNomNom's ghost (amateur TrBe)
  2797 | D:4      | Reached skill level 1 in Evocations
  3073 | D:5      | Entered Level 5 of the Dungeon
  3122 | D:5      | Identified the +0 robe of Waemmoa {Int+2}
  3201 | D:5      | Reached skill level 5 in Unarmed Combat
  3201 | D:5      | Reached XP level 8. HP: 54/54 MP: 8/8
  3290 | D:5      | Noticed a yak
  3412 | D:5      | Noticed a troll
  3433 | D:5      | Killed a troll
  3434 | D:5      | Reached skill level 5 in Shapeshifting
  3623 | D:5      | Killed a yak
  3624 | D:5      | Reached skill level 5 in Dodging
  3818 | D:5      | Identified the +0 pair of gloves of the Vestibule of Hell
                  | {Will+ Str+2 Int-3}
  3874 | D:5      | Slain by an ogre

Illustrated notes

Levels and vault maps discovered:
D:1:      dpeg_arrival_line_fractal, layout_rooms, serial_shops, shop,
          nicolae_book_shop_shelving, shop, nicolae_lakefront_shop
D:2:      minmay_door_path, layout_rooms, minmay_gold_behind_fungi
D:3:      layout_loops_cross, minitemple,
          hellmonk_ecumenical_altar_heavens_door, uniq_terence, uniq_grinder,
          uniq_ijyb
D:4:      black_bear_nest_1, layout_loops_ring, kennysheep_mini_moat,
          ebering_ghost_rock_garden
D:5:      cheibrodos_fzero, layout_loops_ring, grunt_ministairs_14

Skill      XL: |  1  2  3  4  5  6  7  8 |
---------------+-------------------------+-----
Stealth        | 1 2 3 4 |  4.6
Fighting       | 2 3 4 |  4.7
Dodging        | 3 4 5 |  5.2
Unarmed Combat | 4 5 |  5.6
Shapeshifting  | 4 5 |  5.3
Evocations     | 1 2 |  2.5

Action                     |  1- 3 |  4- 6 |  7- 9 || total
---------------------------+-------+-------+-------++-------
  Melee: Unarmed           |    67 |   106 |   102 ||   275
         Constrict         |    14 |    28 |    15 ||    57
         Tentacles         |     7 |    25 |    16 ||    48
         Punch             |       |     3 |     4 ||     7
    Use: Scroll            |     2 |     6 |     4 ||    12
         Potion            |       |     2 |     2 ||     4
   Stab: Sleeping          |     1 |    16 |     2 ||    19
 Armour: Skin              |    21 |    45 |    59 ||   125
  Dodge: Dodged            |    35 |    62 |    34 ||   131
  Block: Other             |       |    15 |    19 ||    34

Table legend: (Time is in decaauts)
 A = Elapsed time spent in this place.
 B = Non-inter-level travel time spent in this place.
 C = Inter-level travel time spent in this place.
 D = Time resting spent in this place.
 E = Time spent auto-exploring this place.
 F = Levels seen in this place.
 G = Mean time per level.
                   A        B        C        D        E       F      G
               +--------+--------+--------+--------+--------+-----+--------+
         Total |   3853 |   3749 |    104 |    465 |   1818 |   5 |  770.6 |
       Dungeon |   3853 |   3749 |    104 |    465 |   1818 |   5 |  770.6 |
               +--------+--------+--------+--------+--------+-----+--------+

Top non-repeatable levels by time:
     D:4: 864 daAuts
     D:3: 814 daAuts
     D:5: 793 daAuts
     D:2: 786 daAuts
     D:1: 595 daAuts
